 Dungeon Crawl Stone Soup version 0.30-a0-760-g5a9884bb7c (webtiles) character file.

Game seed: 8547626210963189590

3058 BigDaddyOpFi the Priest (level 9, -2/81 HPs)
             Began as a Hill Orc Fighter on Feb 10, 2023.
             Was a Believer of Beogh.
             Killed from afar by an electric eel (13 damage)
             ... with a bolt of electricity
             ... on level 7 of the Dungeon.
             The game lasted 00:08:16 (6250 turns).

BigDaddyOpFi the Priest (Hill Orc Fighter)          Turns: 6250, Time: 00:08:17

Health: -2/81      AC: 22    Str: 23    XL:     9   Next: 87%
Magic:  15/15      EV:  8    Int: 10    God:    Beogh [**....]
Gold:   482        SH:  5    Dex: 10    Spells: 8/8 levels left

rFire   . . .      SeeInvis .    a - +0 war axe
rCold   . . .      Faith    .    c - +0 buckler
rNeg    . . .      Spirit   .    q - +0 chain mail of Wariness {Harm Int+2 Slay+2}
rPois   +          Reflect  .    (no helmet)
rElec   .          Harm     +    w - +2 cloak
rCorr   .          Rampage  .    z - +2 pair of gloves
Will    .....                    h - +0 pair of boots Stlth
                                 j - amulet of magic regeneration
HPRegen 0.33/turn                D - +4 ring of protection
MPRegen 0.54/turn                o - ring of poison resistance

@: very slow
A: no striking features
a: Renounce Religion, Smiting


You were on level 7 of the Dungeon.
You worshipped Beogh.
Beogh was pleased with you.
You visited 1 branch of the dungeon, and saw 7 of its levels.

You collected 482 gold pieces.

Inventory:

Hand Weapons
 a - a +0 war axe (weapon)
Armour
 c - a +0 buckler (worn)
 h - a +0 pair of boots (worn)
 n - an orb of energy
 q - the +0 chain mail of Wariness (worn) {Harm Int+2 Slay+2}
   (You found it on level 4 of the Dungeon)

   Int:       It affects your intelligence (+2).
   Slay:      It affects your accuracy & damage with ranged weapons and melee
   (+2).
   Harm:      It increases damage dealt and taken.
 w - a +2 cloak (worn)
 z - a +2 pair of gloves (worn)
 G - the +3 ring mail of the Louse {Dex+7}
   (You found it on level 6 of the Dungeon)

   Dex:       It affects your dexterity (+7).
Jewellery
 f - a ring of magical power
 j - an amulet of magic regeneration (around neck)
 o - a ring of poison resistance (right hand)
 p - a ring of fire
 A - a ring of fire
 D - a +4 ring of protection (left hand)
 I - a ring of protection from cold
Wands
 s - a wand of digging (9)
 v - a wand of polymorph (14)
Scrolls
 e - a scroll of fear
 i - a scroll of identify
 k - 4 scrolls of amnesia
 l - 2 scrolls of magic mapping
 u - a scroll of immolation
 y - 2 scrolls of noise
Potions
 b - a potion of curing
 d - 3 potions of might
 m - 2 potions of degeneration
 t - 2 potions of attraction
 B - a potion of lignification {unknown}
 E - a potion of mutation {unknown}
 F - a potion of brilliance {unknown}
 H - 2 potions of resistance {unknown}
 K - a potion of haste {unknown}


   Skills:
 + Level 7.9 Fighting
 + Level 8.2 Axes
 + Level 7.2 Armour
 + Level 7.2 Shields
 * Level 8.2 Invocations


You had 8 spell levels left.
You didn't know any spells.
Your spell library contained the following spells:

 Spells                   Type           Power      Damage    Failure   Level
 Beastly Appendage        Tmut           0%         N/A       97%         1
 Shock                    Conj/Air       0%         1d3       97%         1
 Blink                    Tloc           0%         N/A       99%         2
 Lesser Beckoning         Tloc           0%         N/A       99%         2
 Momentum Strike          Conj/Tloc      0%         3d8       99%         2
 Wereblood                Tmut           0%         N/A       99%         2
 Gell's Gravitas          Tloc           0%         N/A       100%        3
 Spider Form              Tmut/Pois      0%         N/A       100%        3
 Swiftness                Air            0%         N/A       100%        3
 Teleport Other           Tloc           0%         N/A       100%        3
 Airstrike                Air            0%         2d(0-16)  100%        4


Dungeon Overview and Level Annotations

Branches:
Dungeon (7/15)             Temple (0/1) D:5

Altars:
Gozag
Hepliaklqana
Nemelex Xobeh
Okawaru
Qazlal
Ru
Trog
Yredelemnul

Shops:
D:4 =   D:6 *


Message History

The plant is lightly damaged.
You hit the plant.
The plant begins to die.
The electric eel shoots out a bolt of lightning at you!
The bolt of electricity hits the plant!
The bolt of electricity hits you!
The electric eel struggles against the net.
The electric eel shoots out a bolt of lightning at you!
The bolt of electricity hits you!
* * * LOW HITPOINT WARNING * * *
The electric eel struggles against the net.
The net rips apart, and the electric eel comes free!
You enter the shallow water.
Moving in this stuff is going to be slow.
The electric eel shoots out a bolt of lightning at you!
The bolt of electricity hits the electric eel.
The electric eel completely resists.
The bolt of electricity hits you.
* * * LOW HITPOINT WARNING * * *
The bolt of electricity hits the plant!
The plant begins to die.
Your unstable footing causes you to fumble your attack.
A nearby plant withers and dies. x2
The electric eel shoots out a bolt of lightning at you!
The bolt of electricity hits you!
* * * LOW HITPOINT WARNING * * *
The bolt of electricity hits the plant!
The electric eel shoots out a bolt of lightning at you!
The bolt of electricity hits you!
* * * LOW HITPOINT WARNING * * *
You feel much better.
The electric eel shoots out a bolt of lightning at you!
The bolt of electricity hits you!
* * * LOW HITPOINT WARNING * * *
You barely miss the electric eel.
The electric eel is almost dead.
You slash the plant!
The plant begins to die.
You hit the plant.
The electric eel shoots out a bolt of lightning at you!
The bolt of electricity hits you.
* * * LOW HITPOINT WARNING * * *
The bolt of electricity hits the plant!
The electric eel shoots out a bolt of lightning at you!
The bolt of electricity hits you!
You die...

### #.#. #.##### ###...
###..##.###### #.....
#....#..'...~## ###....
###.....#####~#######......
#....##≈≈≈##~†...##...#..
#...##≈≈.SS######~###.#..
###.##~)S.[##S≈≈##~##.##.
##....#)P@~(#≈≈.≈≈#~##.#..
#...###PP.~~#:.~.~#~#.....
##..###.....#).S.(#~###...
#....#.....#~P...#~###...
##..###'..##.....#.#.....
###.#..##### ....#.#.....
##...##...~~##'..##.#.....
#.....#####~..####.##.....
#..##....####)..~~##......


You could see 3 electric eels.

Vanquished Creatures
  Grinder (D:3)
  Sigmund (D:4)
  A wraith (D:7)
  6 yaks (D:5)
  Eustachio (D:4)
  Duvessa (D:7)
  2 water moccasins
  2 black bears (D:7)
  A phantom (D:4)
  A centaur (D:7)
  A necrophage (D:5)
  A scorpion (D:5)
  Dowan (D:7)
  A howler monkey (D:7)
  3 jellies
  2 orc priests (D:6)
  2 gnoll boudas
  2 iguanas
  Crazy Yiuf (D:3)
  4 orc wizards
  9 gnolls
  4 adders
  2 shadow imps
  2 white imps
  An ufetubus (D:4)
  3 worms
  4 dart slugs
  18 orcs
  3 ball pythons
  4 bats
  4 endoplasms
  4 giant cockroaches
  8 goblins
  5 hobgoblins
  7 jackals
  6 kobolds
  2 quokkas
  2 frilled lizards (D:2)
  3 rats
126 creatures vanquished.

Vanquished Creatures (others)
  A gnoll bouda (D:5)
  An orc wizard (D:5)
  4 gnolls (D:5)
  2 orcs (D:5)
  3 plants (D:7)
11 creatures vanquished.

Grand Total: 137 creatures vanquished

Notes
Turn   | Place    | Note
-------+----------+-------------------------------------------
     0 | D:1      | BigDaddyOpFi the Hill Orc Fighter began the quest for the
                  | Orb.
     0 | D:1      | Reached XP level 1. HP: 19/19 MP: 1/1
   420 | D:1      | Reached XP level 2. HP: 27/27 MP: 2/2
   885 | D:2      | Reached XP level 3. HP: 20/33 MP: 3/3
   942 | D:2      | You fall into a shaft and drop 2 floors!
  1053 | D:4      | Noticed a phantom
  1063 | D:4      | Killed a phantom
  1064 | D:4      | Reached XP level 4. HP: 24/41 MP: 4/4
  1064 | D:4      | Reached XP level 5. HP: 27/47 MP: 5/5
  1207 | D:4      | Found Kounil's Jewellery Boutique.
  1243 | D:4      | Identified the +0 chain mail of Wariness {Harm Int+2
                  | Slay+2}
  1380 | D:4      | Reached skill level 5 in Fighting
  1389 | D:4      | Reached XP level 6. HP: 35/56 MP: 6/6
  1574 | D:4      | Noticed Eustachio
  1575 | D:4      | Noticed Sigmund
  1582 | D:4      | Killed Eustachio
  1583 | D:4      | Reached skill level 5 in Axes
  1583 | D:4      | Reached skill level 5 in Armour
  1583 | D:4      | Reached skill level 5 in Shields
  1605 | D:4      | HP: 1/56 [something/puff of flame (4)]
  1606 | D:4      | Killed Sigmund
  1607 | D:4      | Reached XP level 7. HP: 2/62 MP: 7/7
  2060 | D:4      | Became a worshipper of Beogh the Brigand
  2277 | D:3      | Noticed Grinder
  2288 | D:3      | Killed Grinder
  2480 | D:3      | Found a faded altar of an unknown god.
  2606 | D:3      | Found a runed translucent door.
  2607 | D:3      | Noticed Crazy Yiuf
  2612 | D:3      | Killed Crazy Yiuf
  2803 | D:4      | Reached XP level 8. HP: 68/70 MP: 9/9
  3338 | D:2      | Reached * piety under Beogh
  3684 | D:5      | Entered Level 5 of the Dungeon
  3684 | D:5      | Found a staircase to the Ecumenical Temple.
  4033 | D:5      | Found a basalt altar of Yredelemnul.
  4124 | D:5      | Found a bloodstained altar of Trog.
  4129 | D:5      | Found a stormy altar of Qazlal.
  4201 | D:5      | Noticed a yak
  4201 | D:5      | Noticed a yak
  4201 | D:5      | Noticed a yak
  4202 | D:5      | Noticed a yak
  4202 | D:5      | Noticed a yak
  4205 | D:5      | Noticed a yak
  4210 | D:5      | Killed a yak
  4214 | D:5      | Killed a yak
  4214 | D:5      | Killed a yak
  4215 | D:5      | Reached skill level 5 in Invocations
  4215 | D:5      | Reached XP level 9. HP: 46/79 MP: 13/13
  4390 | D:5      | Identified the +1 leather armour of Rurefuatz {rC- Will-
                  | Regen+ Dex+8}
  4889 | D:6      | Found Mer Dasm's Assorted Antiques.
  4964 | D:6      | Identified the +3 ring mail of the Louse {Dex+7}
  5137 | D:6      | Found an opulent altar of Gozag.
  5137 | D:6      | Found a sparkling altar of Nemelex Xobeh.
  5198 | D:6      | Found a sacrificial altar of Ru.
  5326 | D:6      | Found an iron altar of Okawaru.
  5441 | D:7      | Noticed Duvessa
  5446 | D:7      | Noticed Dowan
  5451 | D:7      | Killed Duvessa
  5462 | D:7      | Reached ** piety under Beogh
  5471 | D:7      | Killed Dowan
  5852 | D:7      | Found a hazy altar of Hepliaklqana.
  6248 | D:7      | HP: 1/81 [electric eel/bolt of electricity (8)]
  6250 | D:7      | Killed from afar by an electric eel

Illustrated notes

Levels and vault maps discovered:
D:1:      dpeg_arrival_refuge, layout_loops_cross, minivault_27
D:2:      layout_basic, minmay_randomly_rotated_circles
D:3:      layout_rooms, hellmonk_ecumenical_altar_lost_god, serial_curves,
          eino_curves_02, eino_curves_03, lightli_corner_chamber,
          uniq_crazy_yiuf_cottage, uniq_grinder
D:4:      layout_gridville, serial_shops, shop, kennysheep_generic_room_2,
          uniq_sigmund, uniq_eustachio
D:5:      layout_loops_ring, minmay_overflow_temple_star_quad,
          minmay_temple_entry_crystal_x, st_stairs_7, kennysheep_cross_room,
          lemuel_flamethrower_2
D:6:      layout_basic, grunt_temple_overflow_opulence,
          nicolae_ru_the_path_less_chosen, kennysheep_okawaru_gauntlet,
          serial_shops, nicolae_shop_overgrown_old_shop
D:7:      cheibrodos_two_vegetables, layout_cave_pools,
          mainiacjoe_overflow_24_doors, nrook_mini_backslash, uniq_duvessa

Skill      XL: |  1  2  3  4  5  6  7  8  9 |
---------------+----------------------------+-----
Axes           | 3 4 5 6 7 8 |  8.2
Fighting       | 4 5 6 7 |  7.9
Armour         | 4 5 6 7 |  7.2
Shields        | 4 5 6 7 |  7.2
Invocations    | 2 5 8 |  8.2

Action                     |  1- 3 |  4- 6 |  7- 9 || total
---------------------------+-------+-------+-------++-------
  Melee: War axe           |    92 |    61 |   235 ||   388
         Unarmed           |       |       |    16 ||    16
  Throw: Throwing net      |       |       |     1 ||     1
 Invoke: Convert to Beogh  |       |       |     1 ||     1
  Evoke: Wand              |       |       |     1 ||     1
    Use: Potion            |       |     5 |     6 ||    11
         Scroll            |       |       |     8 ||     8
 Armour: Scale mail        |    56 |     5 |       ||    61
         Chain mail        |       |    21 |   148 ||   169
         Skin              |       |       |    14 ||    14
  Dodge: Dodged            |    52 |    25 |   108 ||   185
  Block: Buckler           |    27 |     8 |    58 ||    93

Table legend: (Time is in decaauts)
 A = Elapsed time spent in this place.
 B = Non-inter-level travel time spent in this place.
 C = Inter-level travel time spent in this place.
 D = Time resting spent in this place.
 E = Time spent auto-exploring this place.
 F = Levels seen in this place.
 G = Mean time per level.
                   A        B        C        D        E       F      G
               +--------+--------+--------+--------+--------+-----+--------+
         Total |   6389 |   6160 |    229 |    580 |   4430 |   7 |  912.7 |
       Dungeon |   6389 |   6160 |    229 |    580 |   4430 |   7 |  912.7 |
               +--------+--------+--------+--------+--------+-----+--------+

Top non-repeatable levels by time:
     D:4: 1313 daAuts
     D:5: 1061 daAuts
     D:2: 995 daAuts
     D:7: 893 daAuts
     D:3: 753 daAuts
     D:1: 709 daAuts
     D:6: 662 daAuts
